AoeStats
← JAGR | DesNoguns

Arabia

510435000Analyzed
1v1 RM · 1d ago on Oct 1, 2026· 52m 46s· 2 players
Game mode
Random Map
Map size
Tiny (2 player)
Population
200
Speed
Normal
Resources
Standard
Victory
Conquest
Starting age
Dark Age
Ending age
Imperial Age
RankedLock teamsTeams togetherTeam positionsShared explorationLock speedFull tech treeHidden civsTurbo modeCheats
Victory
Defeat
🇨🇴 Byzantines · Colombia
1499
+14
🇺🇸 Saxons · United States
1452
-14
slam pig
6:09 Loom
9:14 Feudal Age
10:06 Double-Bit Axe
14:33 Fletching
17:38 Wheelbarrow
20:47 Castle Age
20:03 Scale Mail Armor
20:50 Gold Mining
20:40 Horse Collar
21:40 Squires
21:55 Chain Mail Armor
22:03 Bow Saw
23:22 Forging
26:04 Arson
29:40 Iron Casting
32:04 Ballistics
33:31 Hand Cart
36:29 Imperial Age
36:58 Bodkin Arrow
37:48 Plate Mail Armor
37:50 Bracer
39:19 Chemistry
38:28 Gambesons
40:58 Crossbowman
41:53 Padded Archer Armor
42:06 Arbalester
43:02 Leather Archer Armor
43:04 Thumb Ring
43:11 Careening
44:15 Siege Engineers
46:07 Masonry
47:05 Ring Archer Armor
JAGR | DesNoguns
6:35 Loom
9:12 Feudal Age
9:44 Double-Bit Axe
10:28 Horse Collar
14:53 Fletching
16:08 Padded Archer Armor
21:18 Castle Age
20:19 Gold Mining
21:57 Bodkin Arrow
22:24 Bow Saw
24:42 Wheelbarrow
26:03 Stone Mining
27:18 Scale Barding Armor
28:39 Husbandry
33:36 Imperial Age
31:33 Chain Barding Armor
34:27 Bracer
38:12 Plate Barding Armor
38:09 Conscription
38:15 Forging
40:48 Chemistry
39:55 Light Cavalry
41:36 Ballistics
42:44 Hand Cart
44:29 Leather Archer Armor
43:36 Elite Skirmisher
46:13 Ring Archer Armor
47:33 Guard Tower
47:13 Elite Cataphract
50:02 Thumb Ring
50:46 Hoardings
50:35 Guilds
Connection lost

Rejoining the realm…

Still unreachable

The connection could not be restored.

Session expired

The server has moved on; the page needs a fresh start.